 Dungeon Crawl Stone Soup version 0.18.1-6-gd335043 (webtiles) character file.

83437 nubinia the Archer (level 15, 8/89 HPs)
             Began as a High Elf Air Elementalist on May 16, 2016.
             Was the Champion of Vehumet.
             Quit the game on level 1 of the Snake Pit on May 17, 2016.
             The game lasted 04:07:15 (32896 turns).

nubinia the Archer (High Elf Air Elementalist)     Turns: 32896, Time: 04:07:16

Health: 8/89       AC: 10    Str: 11    XL:     15   Next: 32%
Magic:  10/33      EV: 14    Int: 24    God:    Vehumet [******]
Gold:   883        SH:  5    Dex: 20    Spells: 11 memorised, 3 levels left

rFire  + . .     SeeInvis +     a - +4 long sword of Reason {freeze, rC+++ Str+4 Dex-2 Stlth+}
rCold  + + +     Gourm    .     L - +1 leather armour of Tartarus {rElec rF+ rN+}
rNeg   + . .     Faith    .     (no shield)
rPois  +         Spirit   .     w - +1 hat {SInv}
rElec  +         Dismiss  .     Q - +1 cloak
rCorr  .         Reflect  +     e - +1 pair of gloves
SustAt .         Harm     .     s - +0 pair of boots
MR     +....                    U - +5 amulet of reflection
Stlth  ++++......               y - ring of poison resistance
                                n - +3 ring of dexterity

@: seriously poisoned (8 -> 2), no potions, very slightly contaminated,
starving, constricted, studying Ice Magic, somewhat resistant to hostile
enchantments, stealthy
A: hooves 1, electricity resistance
a: Renounce Religion


You were on level 1 of the Snake Pit.
You worshipped Vehumet.
Vehumet was exalted by your worship.
You were starving.

You visited 5 branches of the dungeon, and saw 23 of its levels.
You also visited: Labyrinth, Ossuary and Ice Cave.

You collected 2453 gold pieces.
You spent 1570 gold pieces at shops.

Inventory:

Hand Weapons
 a - the +4 long sword of Reason (weapon) {freeze, rC+++ Str+4 Dex-2 Stlth+}
   (You found it in an ice cave)

   It has been specially enchanted to freeze those struck by it, causing extra
   injury to most foes and up to half again as much damage against particularly
   susceptible opponents.
   It can also slow down cold-blooded creatures.
   It affects your strength (+4).
   It affects your dexterity (-2).
   It renders you almost immune to cold.
   It makes you more stealthy.
 b - a +6 shortbow
 t - the +8 hand axe of Capital Punishment {venom, -Tele rElec rF+}
   (You found it on level 1 of the Snake Pit)

   It poisons the flesh of those it strikes.
   It protects you from fire.
   It insulates you from electricity.
   It prevents most forms of teleportation.
Missiles
 d - 168 arrows
Armour
 e - a +1 pair of gloves (worn)
 s - a +0 pair of boots (worn)
 w - a +1 hat of see invisible (worn)
 L - the +1 leather armour of Tartarus (worn) {rElec rF+ rN+}
   (You found it on level 7 of the Dungeon)

   It protects you from fire.
   It insulates you from electricity.
   It protects you from negative energy.
 Q - a +1 cloak (worn)
Rods
 O - a +2 rod of ignition (9/9)
   (You found it in a labyrinth)
Jewellery
 i - an uncursed ring of protection from fire
 j - an uncursed ring of positive energy
 l - an uncursed ring of protection from magic
 n - a +3 ring of dexterity (left hand)
 y - a ring of poison resistance (right hand)
 C - an uncursed ring of resist corrosion
 N - an uncursed ring of flight
 U - a +5 amulet of reflection (around neck)
Wands
 f - a wand of acid (0/15)
 h - a wand of lightning (9/15)
 F - a wand of disintegration (9/24)
 G - a wand of iceblast (4/15)
 K - a wand of lightning (6/15)
 M - a wand of teleportation (4/9)
 R - a wand of iceblast (4/15)
 S - a wand of iceblast (6/15)
 T - a wand of acid (2/15)
 X - a wand of lightning (4/15)
Scrolls
 o - 8 scrolls of enchant armour
 u - 11 scrolls of remove curse
 x - a scroll of recharging
 z - 5 scrolls of identify
 A - 7 scrolls of teleportation
 E - 3 scrolls of fog
Potions
 g - 3 potions of curing
 k - a potion of invisibility
 p - a potion of heal wounds
 q - 3 potions of haste
 r - 4 potions of brilliance
 v - 2 potions of resistance
 B - 2 potions of might
 D - 4 potions of magic
 H - 4 potions of ambrosia
 I - 2 potions of cancellation
Books
 J - a manual of Ice Magic
Miscellaneous
 m - a phantom mirror
Comestibles
 c - 8 bread rations


   Skills:
 + Level 3.7 Fighting
   Level 2.0(2.5) Short Blades
 + Level 2.2(2.6) Long Blades
 + Level 14.1 Bows
 + Level 3.4 Armour
 + Level 7.2 Dodging
 + Level 6.3 Stealth
 + Level 13.2 Spellcasting
 + Level 11.8 Conjurations
 * Level 7.1 Charms
 + Level 3.7 Summonings
 * Level 6.6 Translocations
 + Level 6.2 Fire Magic
 * Level 8.7 Ice Magic
 + Level 12.3 Air Magic
 - Level 1.9 Poison Magic
 + Level 0.6 Evocations


You had 3 spell levels left.
You knew the following spells:

 Your Spells              Type           Power        Failure   Level  Hunger
a - Shock                 Conj/Air       ####         1%          1    None
b - Freezing Cloud        Conj/Ice/Air   ######....   2%          6    #####..
c - Mephitic Cloud        Conj/Pois/Air  ######..     1%          3    None
d - Fireball              Conj/Fire      ######....   1%          5    ###....
e - Flame Tongue          Conj/Fire      #####        1%          1    None
f - Summon Lightning Spi  Summ/Air       ######..     1%          4    None
g - Shroud of Golubria    Chrm/Tloc      #####.....   1%          2    None
h - Ozocubu's Refrigerat  Ice            ######....   5%          6    #####..
i - Iskenderun's Battles  Conj/Chrm      ######..     1%          5    ###....
r - Repel Missiles        Chrm/Air       ######       1%          2    None
s - Swiftness             Chrm/Air       ######..     1%          2    None


Dungeon Overview and Level Annotations

Branches:
Dungeon (11/15)            Temple (0/1) D:6            Lair (8/8) D:11
  Swamp (0/4) Lair:4        Snake (1/4) Lair:5        Slime (0/6) Lair:8
    Orc (2/2) D:10            Elf (1/3) Orc:2

Altars:
Dithmenos
Elyvilon
Gozag
Kikubaaqudgha
Nemelex Xobeh
Pakellas
Ru
Trog
Vehumet

Shops:
D:8 !   Orc:2 =?=!   Elf:1 =

Annotations:
Snake:1 exclusion: lightning spire


Innate Abilities, Weirdness & Mutations

You have large cloven feet.
You are resistant to electric shocks.


Message History

The shock serpent's electric aura discharges, shocking you!
Marking area around the lightning spire as unsafe for travelling.
You feel sick.
The shock serpent bites you but does no damage.
The lightning spire shoots out a bolt of lightning at you!
The bolt of electricity hits you! You resist. The bolt of electricity hits you!
You resist.
* * * LOW HITPOINT WARNING * * *
The bolt of electricity hits the lightning spire.
The lightning spire completely resists.
The bolt of electricity hits the lightning spire.
The lightning spire completely resists.
The shock serpent bites you!
* * * LOW HITPOINT WARNING * * *
The shock serpent shocks you. You resist.
* * * LOW HITPOINT WARNING * * *
The naga warrior completely misses you. The naga warrior grabs you.
* * * LOW HITPOINT WARNING * * *
The naga warrior constricts you.
You cannot drink potions in your current state!
Are you sure you want to abandon this character and quit the game? (Confirm with "yes".)

# .( ...##
.....# #...####
###.S*.8##
#.....@).###
##...#SNĀ§..####
### #........#
#..#######
###..# ##....#
##.#..##
#####.#####
########.....#


You could see a naga warrior, a shock serpent, a guardian serpent, a lightning
spire and a friendly battlesphere.

Vanquished Creatures
  The ghost of barbarian the Covert, a journeyman VSEn of Dithmenos (Orc:2)
  A minotaur (Lab)
  3 hydras
  3 naga warriors (Snake:1)
  2 anacondas (Snake:1)
  2 orc high priests
  A deep elf knight (Elf:1)
  2 naga sharpshooters (Snake:1)
  A fire crab (Lair:7)
  2 hill giants (D:11)
  2 naga ritualists (Snake:1)
  A deep elf archer (Elf:1)
  Pikel (D:8)
  4 mana vipers (Snake:1)
  3 oklob plants (Lair:8)
  An orc knight (Orc:2)
  A griffon (Lair:8)
  9 deep elf magi (Elf:1)
  2 orc sorcerers (Orc:2)
  4 salamanders (Snake:1)
  9 black mambas
  15 elephants
  An ice statue (IceCv)
  16 spiny frogs
  A torpor snail (Lair:4)
  6 komodo dragons
  5 freezing wraiths (IceCv)
  A spriggan druid (Lair:8)
  A minotaur zombie (Lab)
  4 trolls
  4 polar bears
  A boulder beetle (Lair:6)
  A wolf spider simulacrum (IceCv)
  Prince Ribbit (D:8)
  8 blink frogs
  A water elemental (Elf:1)
  14 spriggans
  6 redbacks (Lair:8)
  A hill giant zombie (D:10)
  35 yaks
  A wyvern (D:11)
  5 basilisks
  A death yak simulacrum (IceCv)
  7 hungry ghosts
  8 vampire mosquitoes (Lair:8)
  10 hippogriffs
  4 nagas
  3 wargs
  Edmund (D:5)
  17 water moccasins
  12 porcupines
  28 orc warriors
  5 black bears
  An eye of draining (D:9)
  A swamp drake (Lair:8)
  7 ice beasts
  7 sky beasts
  22 wolves
  3 wasps (Lair:8)
  8 ogres
  5 centaurs
  8 crocodiles
  11 giant frogs
  6 scorpions
  18 killer bees
  2 troll zombies (D:10)
  3 wights (D:6)
  3 howler monkeys
  A vampire bat (D:5)
  A jelly (D:5)
  2 electric eels (Lair:4)
  4 crimson imps
  A quasit (D:3)
  A giant frog zombie (D:11)
  2 draconian simulacra (IceCv)
  7 hounds
  4 centaur skeletons
  28 orc priests
  2 giant frog skeletons (D:5)
  8 iguanas
  6 troll simulacra (IceCv)
  4 worker ants
  32 orc wizards
  2 polar bear simulacra (IceCv)
  A spriggan simulacrum (IceCv)
  24 sheep
  A killer bee zombie (D:7)
  6 big kobold zombies (Ossuary)
  5 centaur simulacra (IceCv)
  5 ogre zombies (D:10)
  A hound zombie (D:7)
  A howler monkey zombie (D:11)
  A mummy (Ossuary)
  Robin (D:2)
  A worker ant zombie (D:9)
  6 gnolls
  A naga simulacrum (IceCv)
  16 river rats
  12 adders
  3 ogre simulacra (IceCv)
  5 shadow imps
  12 white imps (IceCv)
  2 oozes
  2 adder skeletons
  3 worms
  A dart slug (D:1)
  4 giant geckos
  76 orcs
  2 spectral bats (Ossuary)
  2 ball pythons (D:1)
  2 giant cockroaches
  6 gnoll zombies (Ossuary)
  13 goblins
  7 hobgoblins
  16 jackals
  9 kobolds
  2 quokkas
  17 bats
  4 bat simulacra (Ossuary)
  A giant gecko skeleton (D:4)
  7 giant newts
  4 goblin simulacra (Ossuary)
  2 goblin skeletons (D:10)
  8 goblin zombies
  4 hobgoblin skeletons (D:10)
  6 hobgoblin zombies
  3 kobold simulacra (Ossuary)
  6 kobold zombies (Ossuary)
  4 orc skeletons (D:10)
  13 orc zombies
  4 quokka zombies
  6 rats
  5 rat simulacra (Ossuary)
  3 spectral goblins (Ossuary)
  2 spectral rats (Ossuary)
  A butterfly (Lair:4)
  4 fungi
842 creatures vanquished.

Vanquished Creatures (collateral kills)
  Gastronok (Lair:3)
  A hydra (Lair:8)
  An anaconda (Snake:1)
  A lindwurm (Lair:8)
  A mana viper (Snake:1)
  A necromancer (IceCv)
  An orc knight (Orc:2)
  A deep elf mage (Elf:1)
  2 orc sorcerers (Orc:2)
  2 black mambas
  15 elephants
  2 naga magi (Snake:1)
  4 spiny frogs
  A rime drake (Lair:7)
  5 freezing wraiths (IceCv)
  2 komodo dragons
  A spriggan druid (Lair:8)
  3 blink frogs
  9 yaks
  A naga (Snake:1)
  2 water moccasins
  4 wolves (Lair:6)
  3 crocodiles
  3 giant frogs
  2 killer bees
  2 orc priests (Orc:2)
  An iguana (Lair:7)
  3 orc wizards (Orc:2)
  A troll simulacrum (IceCv)
  A naga simulacrum (IceCv)
  3 orcs (Orc:2)
  2 fungi (Lair:8)
82 creatures vanquished.

Vanquished Creatures (others)
  4 slaves (D:8)
  A killer bee (D:8)
  An orc (Orc:1)
  18 fungi
  5 plants (Lair:8)
29 creatures vanquished.

Grand Total: 953 creatures vanquished

Notes
Turn   | Place    | Note
--------------------------------------------------------------
     0 | D:1      | nubinia the High Elf Air Elementalist began the quest for the Orb.
     0 | D:1      | Reached XP level 1. HP: 11/11 MP: 4/4
   259 | D:1      | Reached XP level 2. HP: 17/17 MP: 2/6
   300 | D:1      | Learned a level 2 spell: Repel Missiles
   304 | D:1      | Learned a level 2 spell: Swiftness
  1063 | D:2      | Reached XP level 3. HP: 21/21 MP: 4/8
  1072 | D:2      | Noticed Robin
  1529 | D:2      | Found an ancient bone altar of Kikubaaqudgha.
  1838 | D:2      | Killed Robin
  1838 | D:2      | Reached XP level 4. HP: 27/27 MP: 5/9
  1896 | D:2      | Found an oddly glowing altar of Pakellas.
  1898 | D:2      | Reached skill level 5 in Air Magic
  1955 | D:2      | Found a radiant altar of Vehumet.
  1963 | D:2      | Became a worshipper of Vehumet
  2950 | D:3      | Reached XP level 5. HP: 24/31 MP: 5/11
  2964 | D:3      | Reached * piety under Vehumet
  2964 | D:3      | Offered knowledge of Sandblast by Vehumet.
  3054 | D:3      | Learned a level 3 spell: Static Discharge
  3315 | D:4      | Found a shadowy altar of Dithmenos.
  3554 | D:4      | Reached XP level 6. HP: 37/37 MP: 10/13
  4222 | D:4      | Reached XP level 7. HP: 42/42 MP: 12/15
  4314 | D:4      | Reached skill level 1 in Bows
  4422 | D:4      | Found a sacrificial altar of Ru.
  4567 | D:4      | Reached ** piety under Vehumet
  4567 | D:4      | Reached skill level 5 in Spellcasting
  4723 | D:4      | Offered knowledge of Flame Tongue by Vehumet.
  4726 | D:4      | Learned a level 1 spell: Flame Tongue
  4964 | D:5      | Entered Level 5 of the Dungeon
  4987 | D:5      | Reached skill level 1 in Fire Magic
  5404 | D:5      | Noticed Edmund
  5457 | D:6      | Reached skill level 2 in Bows
  5457 | D:6      | Reached XP level 8. HP: 47/47 MP: 15/17
  5486 | D:6      | Found a staircase to the Ecumenical Temple.
  6329 | D:6      | Offered knowledge of Mephitic Cloud by Vehumet.
  6334 | D:6      | Learned a level 3 spell: Mephitic Cloud
  6471 | D:6      | Reached skill level 5 in Conjurations
  6888 | D:7      | Reached skill level 1 in Fighting
  7066 | D:7      | Reached *** piety under Vehumet
  7290 | D:5      | Reached skill level 1 in Short Blades
  7332 | D:5      | Learned a level 5 spell: Lightning Bolt
  7360 | D:5      | Killed Edmund
  7360 | D:5      | Reached XP level 9. HP: 46/54 MP: 6/19
  7524 | D:5      | Offered knowledge of Iskenderun's Mystic Blast by Vehumet.
  7534 | D:5      | Learned a level 4 spell: Iskenderun's Mystic Blast
  7702 | D:7      | Got a dazzling leather armour
  7739 | D:6      | Identified the cursed +1 leather armour of Tartarus {rElec rF+ rN+} (You found it on level 7 of the Dungeon)
  7813 | D:7      | Reached skill level 3 in Bows
  8012 | D:7      | Reached skill level 4 in Bows
  8377 | D:7      | Found an opulent altar of Gozag.
  8445 | D:7      | Reached skill level 5 in Fire Magic
  8646 | D:7      | Reached skill level 5 in Bows
  8647 | D:7      | Reached **** piety under Vehumet
  8662 | D:7      | Found a white marble altar of Elyvilon.
  8827 | D:7      | Offered knowledge of Stone Arrow by Vehumet.
  9140 | D:8      | Found a sand-covered staircase.
  9189 | Ossuary  | Entered an ossuary
  9627 | Ossuary  | Reached skill level 5 in Dodging
  9737 | Ossuary  | Reached ***** piety under Vehumet
  9737 | Ossuary  | Offered knowledge of Bolt of Magma by Vehumet.
 10143 | D:8      | Found Neolib's Distillery.
 10228 | D:8      | Reached skill level 1 in Poison Magic
 10228 | D:8      | Reached XP level 10. HP: 61/61 MP: 14/22
 10271 | D:8      | Found a shadowy altar of Dithmenos.
 10394 | D:8      | Noticed Pikel
 10446 | D:8      | Noticed Prince Ribbit
 10449 | D:8      | Killed Pikel
 10457 | D:8      | Killed Prince Ribbit
 10732 | D:8      | Reached skill level 6 in Bows
 10921 | D:8      | Reached skill level 1 in Armour
 11126 | D:9      | Found a sparkling altar of Nemelex Xobeh.
 11163 | D:9      | Gained mutation: You are resistant to electric shocks. [mutagenic meat]
 11164 | D:9      | Gained mutation: You have a somewhat thin skeletal structure (Dex +2, Stealth). [mutagenic meat]
 11280 | D:8      | Bought a potion of beneficial mutation for 490 gold pieces
 11280 | D:8      | Gained mutation: You are somewhat resistant to further mutation. [potion of beneficial mutation]
 11304 | D:9      | Learned a level 5 spell: Fireball
 11359 | D:9      | Reached skill level 7 in Bows
 11781 | D:9      | Found a bloodstained altar of Trog.
 12199 | D:10     | Entered Level 10 of the Dungeon
 12592 | D:10     | Offered knowledge of Conjure Ball Lightning by Vehumet.
 12652 | D:10     | Reached skill level 8 in Bows
 12791 | D:10     | Found a staircase to the Orcish Mines.
 13044 | D:10     | Reached XP level 11. HP: 67/67 MP: 17/24
 13663 | Orc:1    | Entered Level 1 of the Orcish Mines
 13663 | Orc:1    | Found a flagged portal.
 13855 | Orc:1    | Noticed an orc high priest
 14208 | D:10     | Reached skill level 5 in Stealth
 14217 | D:10     | Reached skill level 9 in Bows
 14569 | D:11     | Noticed a hill giant
 14589 | D:11     | Killed a hill giant
 14621 | D:11     | Noticed a hill giant
 14641 | D:11     | Killed a hill giant
 14718 | D:11     | Found a staircase to the Lair.
 15143 | D:11     | Reached skill level 10 in Bows
 15246 | D:11     | Noticed an eight-headed hydra
 15252 | D:11     | Killed an eight-headed hydra
 15391 | D:11     | Learned a level 4 spell: Summon Lightning Spire
 15415 | Lair:1   | Entered Level 1 of the Lair of Beasts
 15552 | Lair:1   | Reached skill level 1 in Long Blades
 15561 | Lair:1   | Reached skill level 1 in Summonings
 16516 | Lair:2   | Reached skill level 11 in Bows
 16771 | Lair:2   | Reached skill level 10 in Air Magic
 16990 | Lair:2   | Reached XP level 12. HP: 72/72 MP: 22/26
 17680 | Lair:3   | Noticed Gastronok
 18087 | Lair:3   | Reached skill level 10 in Spellcasting
 18154 | Lair:3   | You fall through a shaft!
 18220 | Lair:4   | Reached skill level 12 in Bows
 18252 | Lair:4   | Found a frozen archway.
 18318 | IceCv    | Entered an ice cave
 18951 | IceCv    | Found an ancient bone altar of Kikubaaqudgha.
 18964 | IceCv    | Got a dazzling long sword
 18965 | IceCv    | Identified the +4 long sword of Reason {freeze, rC+++ Str+4 Dex-2 Stlth+} (You found it in an ice cave)
 19511 | IceCv    | Got a brightly glowing hand crossbow
 19517 | IceCv    | Identified the +3 hand crossbow of a Thousand Seas {elec, *Drain +Inv rC+ Int+3} (You found it in an ice cave)
 19624 | Lair:4   | Found a staircase to the Swamp.
 20568 | Lair:4   | Noticed an eight-headed hydra
 20572 | Lair:4   | Killed an eight-headed hydra
 20824 | Lair:4   | Reached skill level 13 in Bows
 20901 | Lair:5   | Reached XP level 13. HP: 71/78 MP: 29/29
 21163 | Lair:5   | Offered knowledge of Iskenderun's Battlesphere by Vehumet.
 21170 | Lair:5   | Learned a level 5 spell: Iskenderun's Battlesphere
 21621 | Lair:5   | Found a staircase to the Snake Pit.
 22095 | Lair:6   | Reached skill level 10 in Conjurations
 22745 | Lair:6   | Learned a level 6 spell: Freezing Cloud
 22789 | Lair:6   | Reached skill level 1 in Ice Magic
 23121 | Lair:1   | Learned a level 2 spell: Shroud of Golubria
 23638 | Lair:7   | Reached skill level 1 in Charms
 23955 | Lair:7   | Reached skill level 1 in Translocations
 24862 | Lair:8   | Entered Level 8 of the Lair of Beasts
 24895 | Lair:8   | HP: 2/78 [eight-headed hydra (12)]
 25024 | Lair:8   | Found a labyrinth entrance.
 25047 | Lair:8   | Offered knowledge of Poison Arrow by Vehumet.
 25047 | Lair:8   | Reached skill level 5 in Ice Magic
 25087 | Lab      | Entered a labyrinth
 25302 | Lab      | Noticed a minotaur
 25310 | Lab      | Killed a minotaur
 25322 | Lab      | Got a pitted battleaxe
 25323 | Lab      | Identified the +6 battleaxe of the Iron City of Dis {venom, rC+} (You found it in a labyrinth)
 25325 | Lab      | Got an ancient buckler
 25326 | Lab      | Identified the +0 buckler of Xuirgh {rPois} (You found it in a labyrinth)
 25749 | Lair:8   | Found a shadowy altar of Dithmenos.
 26032 | Lair:8   | Reached XP level 14. HP: 83/83 MP: 21/31
 27043 | Lair:8   | Found a staircase to the Slime Pits.
 27260 | Lair:8   | Offered knowledge of Ozocubu's Refrigeration by Vehumet.
 27270 | Lair:8   | Learned a level 6 spell: Ozocubu's Refrigeration
 27826 | Lair:3   | Killed Gastronok
 27826 | Lair:3   | Reached skill level 5 in Charms
 28004 | Lair:3   | Reached skill level 5 in Translocations
 28316 | Lair:1   | Identified a +2 rod of ignition (9/9) (You found it in a labyrinth)
 28749 | Orc:1    | Reached skill level 14 in Bows
 29253 | Orc:2    | Entered Level 2 of the Orcish Mines
 29257 | Orc:2    | Found a staircase to the Elven Halls.
 29842 | Orc:2    | Reached ****** piety under Vehumet
 29899 | Orc:2    | Found Furu Qor's Jewellery Shoppe.
 29900 | Orc:2    | Found Gushrior's Magic Scroll Shoppe.
 29908 | Orc:2    | Found Meir's Distillery.
 29910 | Orc:2    | Found Weoliw's Jewellery Emporium.
 29914 | Orc:2    | Bought a potion of mutation for 30 gold pieces
 29915 | Orc:2    | Bought a +5 amulet of reflection for 300 gold pieces
 30041 | Lair:1   | Lost mutation: You are somewhat resistant to further mutation. [potion of cure mutation]
 30041 | Lair:1   | Lost mutation: You are resistant to electric shocks. [potion of cure mutation]
 30041 | Lair:1   | Lost mutation: You have a somewhat thin skeletal structure (Dex +2, Stealth). [potion of cure mutation]
 30042 | Lair:1   | Gained mutation: You evolve. [potion of mutation]
 30063 | Lair:1   | Gained mutation: You have large cloven feet. [evolution]
 30136 | D:8      | Bought a potion of beneficial mutation for 490 gold pieces
 30136 | D:8      | Gained mutation: You are resistant to electric shocks. [potion of beneficial mutation]
 30289 | Orc:2    | Noticed barbarian's ghost (journeyman VSEn)
 30484 | Orc:2    | Killed barbarian's ghost
 30551 | Orc:2    | Offered knowledge of Spellforged Servitor by Vehumet.
 30967 | Orc:2    | Bought an uncursed ring of positive energy for 260 gold pieces
 31011 | Elf:1    | Entered Level 1 of the Elven Halls
 31041 | Elf:1    | Found a radiant altar of Vehumet.
 31403 | Elf:1    | Lost mutation: You evolve. [evolution]
 31413 | Elf:1    | Found Guthrum's Jewellery Boutique.
 31719 | Snake:1  | Entered Level 1 of the Snake Pit
 31732 | Snake:1  | Reached XP level 15. HP: 32/88 MP: 25/33
 32069 | Snake:1  | Got an encrusted hand axe
 32070 | Snake:1  | Identified the +8 hand axe of Capital Punishment {venom, -Tele rElec rF+} (You found it on level 1 of the Snake Pit)
 32896 | Snake:1  | Quit the game

Skill      XL: |  1  2  3  4  5  6  7  8  9 10 11 12 13 14 15 |
---------------+----------------------------------------------+-----
Air Magic      | 4 5 6 7 8 9 10 11 12 | 12.3
Spellcasting   | 3 4 5 6 7 8 9 11 12 13 | 13.2
Conjurations   | 2 3 4 5 6 7 8 9 10 11 | 11.8
Stealth        | 3 4 5 6 |  6.3
Dodging        | 3 4 5 6 7 |  7.2
Bows           | 2 5 8 11 13 14 | 14.1
Fire Magic     | 2 4 5 6 |  6.2
Fighting       | 1 2 3 |  3.7
Short Blades   | 1 2 |  2.0
Poison Magic   | 1 |  1.9
Armour         | 2 3 |  3.4
Long Blades    | 1 2 |  2.2
Summonings     | 2 3 |  3.7
Ice Magic      | 5 7 8 |  8.7
Charms         | 3 6 7 |  7.1
Translocations | 3 6 |  6.6
Evocations     | |  0.6

Action                   |  1- 3 |  4- 6 |  7- 9 | 10-12 | 13-15 || total
-------------------------+-------+-------+-------+-------+-------++-------
Melee: Unarmed           |     4 |       |       |       |       ||     4
       Short sword       |     6 |    13 |   120 |    48 |       ||   187
       Flail             |       |       |    14 |       |       ||    14
       Falchion          |       |       |       |    84 |    54 ||   138
       Long sword        |       |       |       |     2 |    30 ||    32
       Kick              |       |       |       |       |     4 ||     4
 Fire: Shortbow          |       |     9 |   127 |   702 |   299 ||  1137
 Cast: Shock             |    70 |   133 |   263 |   342 |   594 ||  1402
       Repel Missiles    |     1 |       |     1 |     2 |     3 ||     7
       Swiftness         |       |     1 |       |       |       ||     1
       Static Discharge  |       |       |    21 |       |       ||    21
       Flame Tongue      |       |       |    23 |   182 |     5 ||   210
       Mephitic Cloud    |       |       |    40 |    82 |    77 ||   199
       Iskenderun's Myst |       |       |       |    14 |     1 ||    15
       Fireball          |       |       |       |    25 |    28 ||    53
       Summon Lightning  |       |       |       |    30 |    42 ||    72
       Lightning Bolt    |       |       |       |     1 |       ||     1
       Iskenderun's Batt |       |       |       |       |   138 ||   138
       Shroud of Golubri |       |       |       |       |     9 ||     9
       Freezing Cloud    |       |       |       |       |    17 ||    17
       Ozocubu's Refrige |       |       |       |       |     3 ||     3
Evoke: Wand              |       |       |       |     4 |    15 ||    19
       Rod               |       |       |       |       |     1 ||     1
  Use: Scroll            |     4 |     4 |    16 |    12 |    18 ||    54
       Potion            |       |       |       |     7 |     9 ||    16
 Stab: Sleeping          |       |     1 |    10 |     2 |     2 ||    15
       Confused          |       |       |     5 |     7 |     8 ||    20
       Distracted        |       |       |       |     2 |       ||     2
  Eat: Chunk             |     2 |     8 |    17 |    31 |    41 ||    99
       Beef jerky        |       |       |     1 |     1 |       ||     2
       Bread ration      |       |       |       |     2 |     4 ||     6
Armor: Robe              |     9 |    19 |    26 |       |       ||    54
       Leather armour    |       |       |    37 |    67 |    48 ||   152
Dodge: Dodged            |    21 |    41 |   137 |   234 |   187 ||   620
       Deflected         |       |     1 |     3 |     8 |     9 ||    21
Block: Other             |       |       |       |     2 |    11 ||    13
       Reflection        |       |       |       |       |     1 ||     1
